 Dungeon Crawl Stone Soup version 0.28.0-53-g5a82cb258f (webtiles) character file.

Game seed: 13639077322873473268

152 MiltankisOP the Insei (level 5, -1/34 HPs)
             Began as an Octopode Transmuter on July 10, 2022.
             Slain by an ogre
             ... wielding a +0 giant club
              (23 damage)
             ... on level 4 of the Dungeon.
             The game lasted 00:03:57 (3741 turns).

MiltankisOP the Insei (Octopode Transmuter)         Turns: 3741, Time: 00:03:57

Health: -1/34      AC:  1    Str:  9    XL:     5   Next: 34%
Magic:  7/8        EV: 13    Int: 18    God:
Gold:   77         SH:  5    Dex: 12    Spells: 7/8 levels left

rFire   . . .      SeeInvis .     - Unarmed
rCold   . . .      Faith    .   (no shield)
rNeg    . . .      Spirit   .   (helmet currently unavailable)
rPois   .          Reflect  +   a - amulet of reflection
rElec   .          Harm     .   (no ring)
rCorr   .          Rampage  .   (no ring)
Will    .....                   (no ring)
Stlth   ++........              (no ring)
HPRegen 0.11/turn               (no ring)
MPRegen 0.11/turn               (no ring)
                                (no ring)
                                (no ring)

@: appendages
A: tentacle spike 3, almost no armour, amphibious, 8 rings, camouflage 1,
gelatinous body 1, (nimble swimmer 1), tentacles
a: End Transformation


You were on level 4 of the Dungeon.
One of your tentacles had grown a beastly spike.
You visited 1 branch of the dungeon, and saw 4 of its levels.

You collected 77 gold pieces.

Inventory:

Jewellery
 a - an amulet of reflection (around mantle)
 d - an amulet of magic regeneration
 g - an amulet of regeneration
Scrolls
 c - a scroll of holy word {unknown}
 e - 2 scrolls of identify {unknown}
 f - 2 scrolls of teleportation {unknown}
Potions
 b - a potion of might {unknown}
 h - a potion of haste {unknown}


   Skills:
 + Level 1.7 Fighting
 * Level 3.0 Dodging
 - Level 5.1 Unarmed Combat
 - Level 2.0 Spellcasting
 - Level 2.0 Transmutations


You had 7 spell levels left.
You knew the following spells:

 Your Spells              Type           Power      Damage    Failure   Level
a - Beastly Appendage     Tmut           18%        N/A       8%          1

Your spell library contained the following spells:

 Spells                   Type           Power      Damage    Failure   Level
 Wereblood                Tmut           9%         N/A       12%         2
 Slow                     Hex            4%         N/A       19%         1
 Passwall                 Tmut/Erth      4%         N/A       19%         2
 Ensorcelled Hibernation  Hex/Ice        2%         N/A       26%         2
 Spider Form              Tmut/Pois      5%         N/A       34%         3
 Confusing Touch          Hex            1%         N/A       47%         3
 Gell's Gravitas          Tloc           1%         N/A       47%         3
 Lesser Beckoning         Tloc           1%         N/A       47%         3
 Swiftness                Air            1%         N/A       47%         3
 Teleport Other           Tloc           1%         N/A       47%         3
 Vampiric Draining        Necr           1%         2d6       47%         3
 Ice Form                 Ice/Tmut       5%         N/A       75%         4


Dungeon Overview and Level Annotations

Branches:
Dungeon (4/15)
 Temple: D:4-7

Altars:
Vehumet


Innate Abilities, Weirdness & Mutations

One of your tentacles has grown a beastly spike.
You cannot wear most types of armour.
You are amphibious.
You can wear up to eight rings at the same time.
Your skin changes colour to match your surroundings (Stealth+).
Your rubbery body absorbs attacks. (AC +1, EV +1)
((You are camouflaged when in or above water. (Stealth+)))
You have tentacles for arms and can constrict up to eight enemies at once.


Message History

A ball python is nearby!
Casting: Beastly Appendage (safe; 8% risk of failure)
Confirm with . or Enter, or press ? or * to list all spells.
You extend your transformation's duration.
You see here a scroll labelled QIQYAG CIUSCH.
The helpless ball python fails to defend itself.
You tentacle-slap the ball python.
You kill the ball python!
No target in view!
No target in view!
No target in view!
No target in view!
No target in view!
No target in view!
Your transformation is almost over.
f - 2 scrolls labelled QIQYAG CIUSCH (gained 1)
An adder comes into view.
Found a hand axe, 2 scrolls labelled ASIELU LYPHOFA and 16 gold pieces.
Found a stone staircase leading up.
Your tentacle spike disappears.
An adder is nearby!
An ogre comes into view. It is wielding a +0 giant club.
The adder hisses angrily.
Casting: Beastly Appendage (safe; 8% risk of failure)
Confirm with . or Enter, or press ? or * to list all spells.
One of your tentacles grows a vicious spike.
You barely miss the ogre. You squeeze the ogre.
The ogre is lightly wounded.
The ogre hits you with a +0 giant club!
You tentacle-slap the ogre but do no damage.
Your tentacle spike misses the ogre.
You squeeze the ogre!
The ogre is heavily wounded.
The adder bites you.
You tentacle-slap the ogre but do no damage.
You pierce the ogre, but do no damage.
The ogre is heavily wounded.
The adder misses you.
The ogre hits you with a +0 giant club!!
Ouch! That really hurt!
You die...

....##. ### .......##
##.##### ..$....<#
#..#.#.### #.....).###
#........##
#.......#.####.........#
#..........##...........
.......S..##..........##
......O@.###..........#.
.....##...............##
..##.................###
#.................#..
.......#..............
...................##..
.....#####.........##..
.?... ##..........##.
... #............##


You could see an ogre and an adder.

Vanquished Creatures
  A bullfrog skeleton (D:4)
  4 adders
  5 dart slugs
  An orc (D:3)
  10 ball pythons
  4 bats
  9 endoplasms
  A giant cockroach (D:4)
  4 goblins
  A hobgoblin (D:4)
  11 jackals
  4 kobolds
  3 quokkas
  7 frilled lizards
  A quokka skeleton (D:4)
  2 rats
68 creatures vanquished.

Notes
Turn   | Place    | Note
-------+----------+-------------------------------------------
     0 | D:1      | MiltankisOP the Octopode Transmuter began the quest for the
                  | Orb.
     0 | D:1      | Reached XP level 1. HP: 13/13 MP: 3/3
   144 | D:1      | Reached XP level 2. HP: 17/18 MP: 3/5
   433 | D:1      | Reached skill level 4 in Unarmed Combat
   455 | D:1      | Reached XP level 3. HP: 23/23 MP: 4/6
  1531 | D:2      | Reached XP level 4. HP: 28/28 MP: 5/7
  1654 | D:2      | Found a faded altar of an unknown god.
  1910 | D:2      | Reached skill level 5 in Unarmed Combat
  2758 | D:3      | Found a radiant altar of Vehumet.
  3435 | D:4      | Reached XP level 5. HP: 24/34 MP: 6/8
  3736 | D:4      | Noticed an ogre
  3741 | D:4      | Slain by an ogre

Illustrated notes

Levels and vault maps discovered:
D:1:      erik_arrival_blinker_ship, layout_basic
D:2:      layout_basic, hellmonk_ecumenical_altar_run_dry
D:3:      layout_loops_ring, old_standard_altar
D:4:      layout_cave_pools, minmay_temple_entry_butterflies,
          minmay_misc_feat_four_crosses, uniq_crazy_yiuf_cottage

Skill      XL: |  1  2  3  4  5 |
---------------+----------------+-----
Unarmed Combat | 4 5 |  5.1
Dodging        | 3 |  3.0
Fighting       | |  1.7
Spellcasting   | |  2.0
Transmutations | |  2.0

Action                   |  1- 3 |  4- 6 || total
-------------------------+-------+-------++-------
Melee: Unarmed           |    72 |    70 ||   142
       Constrict         |    20 |    17 ||    37
       Kick              |    23 |    21 ||    44
       Tentacles         |     9 |     8 ||    17
       Punch             |     3 |     3 ||     6
 Cast: Beastly Appendage |    18 |    26 ||    44
 Stab: Sleeping          |     5 |     5 ||    10
Armor: Skin              |     4 |     4 ||     8
Dodge: Dodged            |    22 |    37 ||    59
Block: Other             |    11 |    16 ||    27
       Reflection        |       |     1 ||     1
